 Dungeon Sprint DCSS version 0.21-a0-225-g207ae17 (webtiles) character file.

168 Kidiri the Thaumaturge (level 5, -3/30 HPs)
             Began as a Deep Elf Fire Elementalist on Aug 29, 2017.
             Was an Initiate of Vehumet.
             Killed from afar by a deep elf mage (33 damage)
             ... with a bolt of lightning
             ... in the Dungeon (Sprint III: "The Ten Rune Challenge").
             The game lasted 00:04:15 (392 turns).

Kidiri the Thaumaturge (Deep Elf Fire Elementalist)  Turns: 392, Time: 00:04:15

Health: -3/30      AC:  4    Str:  7    XL:     5   Next: 23%
Magic:  15/18      EV: 14    Int: 21    God:    Vehumet [......]
Gold:   49         SH:  0    Dex: 15    Spells: 1/22 levels left

rFire    . . .     SeeInvis .   u - +1 dagger (freeze)
rCold    . . .     Gourm    .   (no shield)
rNeg     . . .     Faith    .   a - +0 robe
rPois    .         Spirit   .   (no helmet)
rElec    .         Reflect  .   (no cloak)
rCorr    .         Harm     .   (no gloves)
MR       .....     NoTele   +   (no boots)
Stlth    ++........             (no amulet)
HPRegen  0.10/turn              (no ring)
MPRegen  0.16/turn              (no ring)

@: no status effects
A: iridescent scales 1, deterioration 1, strong 1, evolution 1
a: Renounce Religion


You were in the Dungeon.
You worshipped Vehumet.
Vehumet was noncommittal.
You were not hungry.

You visited 1 branch You collected 49 gold pieces.

Inventory:

Hand Weapons
 u - a +1 dagger of freezing (weapon)
Armour
 a - a +0 robe (worn)
Scrolls
 i - a scroll of blinking
 k - a scroll of enchant armour {unknown}
 n - a scroll of immolation
 o - a scroll of identify {unknown}
 p - 4 scrolls of remove curse
 s - a scroll of magic mapping {unknown}
Potions
 d - a potion of curing
 e - a potion of heal wounds
 f - a potion of haste
 g - 2 potions of magic
 h - a potion of berserk rage
 r - 2 potions of flight {unknown}
Books
 b - a book of Flames

   Spells                             Type                      Level
   a - Flame Tongue                   Conjuration/Fire             1
   b - Throw Flame                    Conjuration/Fire             2
   c - Conjure Flame                  Conjuration/Fire             3
   d - Inner Flame                    Hexes/Fire                   3
   e - Sticky Flame                   Conjuration/Fire             4
   f - Fireball                       Conjuration/Fire             5
 m - a book of Minor Magic

   Spells                             Type                      Level
   a - Magic Dart                     Conjuration                  1
   b - Blink                          Translocation                2
   c - Call Imp                       Summoning                    2
   d - Slow                           Hexes                        2
   e - Conjure Flame                  Conjuration/Fire             3
   f - Mephitic Cloud                 Conjuration/Poison/Air       3
Comestibles
 c - a bread ration
 j - 2 chunks of flesh
 q - a meat ration
 t - 2 fruits


   Skills:
 + Level 1.9 Fighting
 + Level 0.0 Short Blades
 + Level 1.9 Armour
 + Level 4.1 Dodging
 - Level 2.4 Stealth
 * Level 9.2 Spellcasting
 + Level 5.2 Conjurations
 + Level 6.2 Fire Magic
 + Level 0.0 Air Magic
 + Level 0.0 Poison Magic


You had one spell level left.
You knew the following spells:

 Your Spells              Type           Power        Failure   Level  Hunger
a - Flame Tongue          Conj/Fire      ####.        1%          1    None
b - Throw Flame           Conj/Fire      ####..       1%          2    None
c - Conjure Flame         Conj/Fire      ####....     1%          3    None
d - Inner Flame           Hex/Fire       ###.....     6%          3    None
e - Sticky Flame          Conj/Fire      ####....     6%          4    ##.....
f - Fireball              Conj/Fire      ####......   19%         5    #####..
g - Mephitic Cloud        Conj/Pois/Air  ###.....     10%         3    None


Dungeon Overview and Level Annotations

Branches:
Dungeon (1/1)

Altars:
Elyvilon
Kikubaaqudgha
Sif Muna
Vehumet
Zin
The Shining One


Innate Abilities, Weirdness & Mutations

You are partially covered in iridescent scales. (AC +2)
Your body sometimes deteriorates upon taking damage.
Your muscles are strong. (Str +2)
You evolve.


Message History

There is a fountain of clear blue water here.
There is a fountain of clear blue water here.
You start resting.
Magic restored.
You open the door.
Found a glowing silver altar of Zin.
A deep elf mage comes into view.
It is wielding a long sword of holy wrath.
The deep elf mage picks up a potion of curing.
Found two altars.
There is an open door here.
Casting: Sticky Flame
Confirm with . or Enter, or press ? or * to list all spells.
Aiming: Mephitic Cloud
Press: ? - help, Shift-Dir - straight line The ball explodes into a vile cloud!
The stinking cloud engulfs the deep elf mage.
The deep elf mage casts a spell at you. The bolt of lightning hits you!
Ouch! That really hurt!
You die...

▓▓▓▓▓▓▓ ▓▓▓ .'....♣♣
♣.##### .#.....♣♣
♣♣.#§§§# ##......♣
♣..#e§§#
.#....≈.♣♣♣♣.###@#+###+
.#...≈≈..♣♣..#..........
.#..≈≈≈≈♣.♣..'.⌠........
'#..≈≈≈≈≈≈♣..#...######+
[#.≈≈≈≈≈≈....#.⌠.#
.#.≈≈≈≈≈.....#...#
.#.≈≈≈.......#+###
##...........#.).#
.............#___#


You could see a deep elf mage.

Vanquished Creatures
  A water elemental (D)
  A wizard (D)
  Jessica (D)
  A human (D)
  A kobold demonologist (D)
  A wolf (D)
  An ooze (D)
  2 rats (D)
9 creatures vanquished.

Vanquished Creatures (others)
  2 draconian scorchers (D)
  6 hellions (D)
  A yaktaur (D)
9 creatures vanquished.

Grand Total: 18 creatures vanquished

Notes
Turn   | Place    | Note
-------+----------+-------------------------------------------
     0 | D        | Kidiri the Deep Elf Fire Elementalist began the quest for the Orb.
     0 | D        | Reached XP level 1. HP: 10/10 MP: 6/6
    10 | D        | Reached skill level 4 in Spellcasting
    94 | D        | Noticed Jessica
    95 | D        | Killed Jessica
    95 | D        | Reached skill level 6 in Spellcasting
    95 | D        | Reached XP level 2. HP: 15/15 MP: 7/11
    95 | D        | Reached XP level 3. HP: 19/19 MP: 7/12
   101 | D        | Learned a level 2 spell: Throw Flame
   105 | D        | Learned a level 3 spell: Conjure Flame
   106 | D        | Killed a hellion
   109 | D        | Learned a level 3 spell: Inner Flame
   112 | D        | Killed a hellion
   116 | D        | Killed a hellion
   122 | D        | Killed a hellion
   123 | D        | Killed a hellion
   125 | D        | Killed a hellion
   139 | D        | Killed a yaktaur
   166 | D        | Reached skill level 7 in Spellcasting
   166 | D        | Reached skill level 5 in Fire Magic
   179 | D        | Killed a white draconian scorcher
   189 | D        | Gained mutation: Your spells are a little easier to cast, but a little less powerful. [potion of mutation]
   189 | D        | Gained mutation: You are partially covered in rugged brown scales. (AC +1, +3% HP) [potion of mutation]
   189 | D        | Gained mutation: Your mind is acute. (Int +2) [potion of mutation]
   190 | D        | Lost mutation: Your spells are a little easier to cast, but a little less powerful. [potion of mutation]
   190 | D        | Lost mutation: Your mind is acute. (Int +2) [potion of mutation]
   190 | D        | Gained mutation: Armour fits poorly on your strangely shaped body. [potion of mutation]
   190 | D        | Gained mutation: You have sharp toenails. [potion of mutation]
   190 | D        | Gained mutation: You are mostly covered in rugged brown scales. (AC +2, +5% HP) [potion of mutation]
   191 | D        | Lost mutation: You are mostly covered in rugged brown scales. (AC +2, +5% HP) [potion of mutation]
   191 | D        | Lost mutation: You are partially covered in rugged brown scales. (AC +1, +3% HP) [potion of mutation]
   191 | D        | Gained mutation: You are covered in fur. (AC +1) [potion of mutation]
   191 | D        | Gained mutation: You are agile. (Dex +2) [potion of mutation]
   192 | D        | Lost mutation: You are agile. (Dex +2) [potion of mutation]
   192 | D        | Lost mutation: You are covered in fur. (AC +1) [potion of mutation]
   192 | D        | Lost mutation: Armour fits poorly on your strangely shaped body. [potion of mutation]
   192 | D        | Gained mutation: You expend magic power (3 MP) to strengthen your wands. [potion of mutation]
   192 | D        | Gained mutation: You can translocate small distances at will. [potion of mutation]
   193 | D        | Lost mutation: You expend magic power (3 MP) to strengthen your wands. [potion of mutation]
   193 | D        | Lost mutation: You have sharp toenails. [potion of mutation]
   193 | D        | Lost mutation: You can translocate small distances at will. [potion of mutation]
   193 | D        | Gained mutation: Your body sometimes deteriorates upon taking damage. [potion of mutation]
   193 | D        | Gained mutation: Your muscles are strong. (Str +2) [potion of mutation]
   193 | D        | Gained mutation: You are partially covered in iridescent scales. (AC +2) [potion of mutation]
   193 | D        | Gained mutation: You evolve. [potion of mutation]
   236 | D        | Killed a white draconian scorcher
   278 | D        | Noticed a water elemental
   282 | D        | Killed a water elemental
   282 | D        | Reached skill level 1 in Fighting
   282 | D        | Reached skill level 1 in Armour
   282 | D        | Reached skill level 8 in Spellcasting
   282 | D        | Reached XP level 4. HP: 25/25 MP: 9/16
   296 | D        | Learned a level 4 spell: Sticky Flame
   326 | D        | Found a radiant altar of Vehumet.
   327 | D        | Found a deep blue altar of Sif Muna.
   327 | D        | Found an ancient bone altar of Kikubaaqudgha.
   327 | D        | Noticed a wizard
   330 | D        | Killed a wizard
   330 | D        | Reached skill level 9 in Spellcasting
   330 | D        | Reached skill level 5 in Conjurations
   330 | D        | Reached XP level 5. HP: 30/30 MP: 12/18
   350 | D        | Learned a level 5 spell: Fireball
   354 | D        | Learned a level 3 spell: Mephitic Cloud
   356 | D        | Became a worshipper of Vehumet
   390 | D        | Found a glowing silver altar of Zin.
   391 | D        | Found a glowing golden altar of the Shining One.
   391 | D        | Found a white marble altar of Elyvilon.
   391 | D        | Noticed a deep elf mage
   392 | D        | Killed from afar by a deep elf mage

Vault maps used:
D:        dungeon_sprint_mu

Skill      XL: |  1  2  3  4  5 |
---------------+----------------+-----
Spellcasting   | 6 8 9 |  9.2
Conjurations   | 3 4 5 |  5.2
Fire Magic     | 4 5 6 |  6.2
Fighting       | 1 |  1.9
Armour         | 1 |  1.9
Dodging        | 3 4 |  4.1
Stealth        | |  2.4

Action                   |  1- 3 |  4- 6 || total
-------------------------+-------+-------++-------
Melee: Unarmed           |     2 |       ||     2
       Club              |       |     3 ||     3
 Cast: Flame Tongue      |    18 |       ||    18
       Throw Flame       |     4 |       ||     4
       Conjure Flame     |     1 |       ||     1
       Sticky Flame      |       |     2 ||     2
       Mephitic Cloud    |       |     1 ||     1
  Use: Potion            |     5 |       ||     5
       Scroll            |     1 |       ||     1
Armor: Robe              |     1 |     1 ||     2
Dodge: Dodged            |     4 |     3 ||     7

Table legend:
 A = Spawn XP
 B = Non-spawn XP
 C = Spawn XP percentage of total XP
 D = Spawn monster count
 E = Non-spawn monster count
 F = Spawn count percentage of total count
 G = Total turns spent on level
                    A         B        C        D         E        F      G
               +---------+---------+-------+---------+---------+-------+---------
         Total |       0 |     240 |   0.0 |       0 |       9 |   0.0 |   392
               +---------+---------+-------+---------+---------+-------+---------
             D |       0 |     240 |   0.0 |       0 |       9 |   0.0 |   392
               +---------+---------+-------+---------+---------+-------+---------
